Map: Old Estate

Players

TCarpetShark

  • Race: Zerg Zerg
  • League: Platinum
  • Spawn Location: 7:00

Adrian

  • Race: Protoss Protoss
  • League: Gold
  • Spawn Location: 7:00

Kush

  • Race: Zerg Zerg
  • League: Diamond
  • Spawn Location: 9:00

Spore

  • Race: Protoss Protoss
  • League: Diamond
  • Spawn Location: 7:00

Will

  • Race: Terran Terran
  • Spawn Location: 1:00

MJMS

  • Race: Protoss Protoss
  • Spawn Location: 1:00

CajunHobbit

  • Race: Terran Terran
  • Spawn Location: 3:00

Infamous

  • Race: Protoss Protoss
  • League: Silver
  • Spawn Location: 3:00

VOD

Have the link to the VOD?

Description

Time

  • Played on: March 29, 2018, 9:34 a.m.
  • Length: 18:32
Show
View Real Time Build Order
Export as new Build Order

TCarpetShark Zerg 

Build Orders: Hatch First 

Get SALT Encoding   

  12  0:04  Drone  
  13  0:18  Drone  
  13  0:20  Extractor  
  13  0:22  Extractor, Drone x2  
  16  0:33  Overlord  
  16  0:51  Drone x2  
  18  1:00  Hatchery  
  17  1:08  Drone  
  18  1:13  Drone  
  19  1:18  Extractor  
  19  1:22  Drone  
  19  1:33  Drone  
  20  1:44  Drone  
  21  1:51  Hatchery  
  20  1:55  Drone  
  21  2:03  Extractor  
  21  2:05  Drone  
  21  2:15  Drone  
  22  2:18  Drone  
  23  2:23  Drone  
  23  2:25  Hatchery  
  23  2:31  Spawning Pool  
  22  2:42  Drone x3  
  25  2:48  Drone  
  25  2:49  Drone  
  27  2:55  Drone  
  28  3:02  Overlord  
  28  3:04  Drone  
  29  3:10  Drone x2  
  31  3:24  Drone  
  31  3:25  Drone x2  
  31  3:26  Drone  
  35  3:31  Roach Warren  
  34  3:34  Drone  
  34  3:35  Drone  
  36  3:43  Drone  
  36  3:44  Drone x2  
  39  3:49  Drone  
  39  3:50  Extractor  
  39  3:58  Drone  
  39  3:59  Drone  
  39  4:01  Drone  
  42  4:04  Drone  
  42  4:08  Extractor, Drone  
  42  4:09  Drone  
  44  4:12  Drone  
  45  4:18  Drone  
  46  4:26  Hatchery  
  46  4:27  Drone  
  46  4:29  Overlord  
  46  4:33  Drone x2  
  46  4:35  Overlord  
  46  4:38  Overlord  
  48  4:43  Overlord  
  48  4:47  Drone x3  
  48  4:49  Drone  
  48  4:50  Drone x2  
  48  4:52  Drone  
  55  4:55  Roach  
  55  4:56  Roach  
  55  4:59  Roach  
  61  5:01  Roach  
  63  5:10  Roach x4  
  63  5:12  Roach  
  73  5:18  Roach x2  
  77  5:25  Hatchery  
  77  5:28  Roach x2  
  80  5:31  Overlord  
  80  5:32  Overlord  
  80  5:35  Overlord  
  80  5:38  Overlord  
  80  5:40  Roach  
  82  5:44  Drone  
  82  5:45  Drone x3  
  86  5:50  Queen  
  86  5:54  Spore Crawler  
  86  5:56  Spore Crawler  
  86  5:57  Roach  
  86  5:58  Spore Crawler  
  86  6:00  Ravager  
  86  6:01  Ravager x5  
  86  6:02  Ravager x2  
  86  6:03  Ravager  
  97  6:04  Ravager x2  
  97  6:05  Ravager x2  
  97  6:07  Roach  
  97  6:10  Roach  
  106  6:11  Roach  
  106  6:13  Roach  
  108  6:18  Ravager  
  108  6:19  Roach  
  108  6:20  Roach x2  
  115  6:27  Lair  
  115  6:28  Evolution Chamber  
  115  6:29  Roach  
  115  6:30  Evolution Chamber, Roach  
  117  6:33  Drone  
  117  6:37  Drone x4  
  122  6:42  Roach  
  121  7:00  Roach  
  123  7:01  Roach x6  
  123  7:03  Overlord x5  
  123  7:18  Roach x2  
  123  7:21  Roach x4  
  123  7:22  Roach x4  
  123  7:38  Drone  
  123  7:39  Drone x13  
  137  7:45  Spire  
  137  7:47  Infestation Pit  
  137  7:48  Zerg Missile Weapons Level 1  
  135  7:53  Hydralisk Den  
  135  7:54  Zerg Ground Armor Level 1  
  135  7:55  Drone x2  
  135  7:56  Drone  
  135  7:58  Drone x2  
  138  7:59  Drone  
  138  8:00  Drone  
  138  8:02  Extractor  
  138  8:03  Drone x2, Extractor  
  141  8:17  Drone x3  
  141  8:18  Drone x11  
  155  8:26  Drone  
  158  8:27  Drone x5  
  158  8:31  Extractor  
  160  8:36  Hatchery  
  160  8:37  Queen  
  160  8:38  Extractor  
  160  8:40  Extractor  
  161  8:41  Drone  
  161  8:42  Drone x2  
  161  8:43  Extractor, Overlord  
  161  8:44  Overlord  
  161  8:49  Hive, Queen  
  161  8:52  Overlord x2  
  161  8:54  Overlord  
  163  8:55  Overlord  
  163  8:57  Overlord  
  163  8:59  Overlord  
  163  9:01  Queen x2  
  167  9:09  Mutalisk  
  169  9:10  Mutalisk x7  
  169  9:12  Mutalisk  
  169  9:13  Mutalisk  
  187  9:19  Mutalisk  
  187  9:20  Mutalisk x2  
  193  9:28  Drone x7  
  200  9:40  Overlord  
  200  9:41  Overlord x8  
  200  9:44  Pneumatized Carapace  
  200  9:46  Burrow  
  200  9:50  Zerg Ground Armor Level 2, Zerg Missile Weapons Level 2  
  200  9:59  Evolution Chamber  
  197  10:03  Ultralisk Cavern, Greater Spire  
  197  10:05  Mutalisk x2  
  194  10:49  Zergling x6  
  181  10:50  Zergling x36  
  181  10:51  Zergling x8  
  181  10:56  Zergling x6  
  187  11:01  Queen x3  
  187  11:02  Queen  
  187  11:03  Queen x2  
  187  11:04  Queen  
  151  11:17  Extractor, Spore Crawler  
  151  11:18  Spore Crawler  
  148  11:20  Spore Crawler  
  148  11:22  Corruptor x4  
  148  11:23  Corruptor x10  
  148  11:24  Corruptor  
  177  11:28  Corruptor  
  177  11:30  Corruptor  
  181  11:37  Spore Crawler  
  180  11:43  Baneling Nest  
  179  11:49  Zerg Melee Weapons Level 1  
  179  11:50  Chitinous Plating  
  179  11:53  Muscular Augments  
  179  11:55  Pathogen Glands  
  179  12:23  Brood Lord x7  
  179  12:24  Brood Lord  
  179  12:29  Mutalisk x2  
  199  12:52  Neural Parasite  
  199  12:53  Nydus Network  
  198  13:04  Grooved Spines  
  198  13:05  Mutalisk  
  200  13:26  Baneling  
  200  13:27  Baneling x15  
  200  13:28  Baneling x16  
  200  13:29  Baneling x17  
  200  13:30  Baneling x7  
  200  13:39  Centrifical Hooks  
  186  14:06  Brood Lord  
  186  14:11  Zergling x6  
  186  14:12  Zergling x22  
  186  14:16  Zergling x8  
  196  14:27  Brood Lord x2, Extractor  
  196  14:30  Extractor, Brood Lord  
  200  14:36  Baneling  
  200  14:37  Baneling x21  
  200  14:38  Baneling x6  
  123  15:45  Zergling x2  
  123  15:46  Zergling x30  
  123  15:47  Zergling x42  
  158  15:56  Zergling x2  
  154  15:57  Zergling x30  
  154  15:58  Zergling x12  
  173  16:46  Zergling x10  
  173  16:47  Zergling x40  
  184  16:48  Zergling x4  
  184  16:54  Baneling x4  
  200  16:55  Baneling x15  
  200  16:56  Baneling x17  
  200  16:57  Baneling x21  
  200  16:58  Baneling x18  
  200  16:59  Baneling x19  
  200  17:00  Baneling x21  
  200  17:01  Baneling x3  
  200  17:09  Baneling x10  
  200  17:10  Baneling x17  
  200  17:11  Baneling x19  
  200  17:13  Baneling x2  
  200  17:14  Baneling  
  200  17:15  Baneling x2  
  200  17:16  Baneling x2  
  200  17:17  Baneling  
Show
View Real Time Build Order
Export as new Build Order

Adrian Protoss 

Build Orders: 1 Gate Expand 

Get SALT Encoding   

  12  0:02  Probe (Chrono Boost)  
  13  0:13  Probe (Chrono Boost)  
  13  0:19  Pylon  
  14  0:24  Probe  
  15  0:38  Gateway  
  15  0:41  Probe  
  16  0:53  Probe  
  17  1:21  Assimilator  
  17  1:29  Nexus  
  17  1:32  Cybernetics Core  
  17  1:34  Probe (Chrono Boost)  
  18  1:52  Probe  
  19  2:00  Pylon  
  19  2:04  Probe (Chrono Boost)  
  20  2:13  Probe (Chrono Boost)  
  21  2:17  Assimilator  
  21  2:18  Probe (Chrono Boost)  
  22  2:27  Gateway  
  21  2:30  Pylon  
  21  2:32  Pylon  
  21  2:36  Probe  
  23  2:59  Probe (Chrono Boost)  
  23  3:01  Probe (Chrono Boost)  
  23  3:03  Warp Gate (Chrono Boost)  
  24  3:07  Probe (Chrono Boost)  
  24  3:10  Probe (Chrono Boost)  
  26  3:17  Stalker  
  29  3:20  Probe x2  
  29  3:25  Assimilator  
  30  3:30  Assimilator  
  30  3:32  Probe  
  32  3:34  Probe  
  32  3:45  Stalker  
  32  3:46  Probe x2 (Chrono Boost)  
  36  3:57  Stalker  
  36  3:58  Probe (Chrono Boost)  
  36  4:01  Probe (Chrono Boost)  
  40  4:03  Probe (Chrono Boost)  
  40  4:08  Probe  
  42  4:15  Stalker  
  44  4:19  Robotics Facility  
  44  4:23  Pylon  
  44  4:25  Probe (Chrono Boost)  
  45  4:32  Stalker  
  45  4:35  Probe (Chrono Boost)  
  45  4:37  Probe (Chrono Boost)  
  49  4:40  Probe (Chrono Boost)  
  50  4:46  Probe  
  51  4:58  Gateway  
  51  5:01  Gateway  
  51  5:02  Stalker  
  53  5:07  Gateway  
  53  5:09  Observer  
  53  5:12  Pylon  
  54  5:16  Stalker  
  56  5:23  Pylon  
  56  5:26  Stalker  
  58  5:31  Immortal  
  62  5:41  Stalker  
  64  5:48  Pylon  
  64  5:51  Stalker  
  66  6:00  Forge  
  66  6:02  Stalker  
  66  6:03  Stalker  
  70  6:07  Immortal (Chrono Boost)  
  74  6:16  Stalker  
  74  6:17  Stalker  
  78  6:22  Stalker  
  80  6:30  Stalker  
  80  6:31  Stalker  
  84  6:35  Protoss Ground Weapons Level 1  
  84  6:39  Observer  
  85  7:01  Immortal (Chrono Boost)  
  85  7:06  Stalker x2  
  93  7:18  Pylon  
  93  7:19  Pylon  
  93  7:23  Pylon  
  93  7:26  Pylon  
  93  7:28  Pylon  
  93  7:31  Pylon  
  93  7:34  Pylon  
  93  7:38  Immortal (Chrono Boost)  
  93  7:42  Stalker  
  93  7:43  Stalker  
  101  7:44  Stalker  
  101  7:48  Stalker  
  105  7:54  Stalker  
  107  8:03  Forge  
  107  8:06  Twilight Council  
  107  8:14  Immortal  
  107  8:18  Stalker  
  113  8:27  Stalker  
  113  8:29  Stalker, Protoss Ground Armor Level 1 (Chrono Boost)  
  113  8:32  Stalker  
  119  8:35  Protoss Ground Weapons Level 2 (Chrono Boost)  
  119  8:41  Blink  
  119  8:55  Immortal (Chrono Boost)  
  123  9:18  Stalker x2  
  123  9:19  Stalker x2  
  123  9:20  Stalker  
  133  9:32  Immortal (Chrono Boost)  
  137  9:45  Stalker  
  137  9:46  Stalker x2  
  137  9:47  Stalker  
  137  9:51  Stalker  
  147  10:27  Pylon  
  147  10:45  Immortal  
  81  12:38  Immortal  
  81  12:40  Protoss Ground Armor Level 2 (Chrono Boost), Protoss Ground Weapons Level 3 (Chrono Boost)  
  85  12:45  Stalker x2  
  85  12:46  Stalker x3  
  95  12:55  Pylon  
  95  12:58  Pylon  
  95  13:05  Pylon  
  67  14:02  Immortal  
  71  14:04  Stalker  
  71  14:05  Stalker x3  
  71  14:06  Stalker  
  75  15:00  Immortal  
  75  15:02  Protoss Ground Armor Level 3 (Chrono Boost)  
  75  15:07  Stalker x3  
  75  15:08  Stalker x2  
  85  15:17  Protoss Shields Level 1 (Chrono Boost)  
  85  15:39  Immortal  
  85  15:41  Stalker x3  
  85  15:42  Stalker x2  
  103  16:18  Immortal (Chrono Boost)  
  103  16:42  Stalker x2  
  103  16:43  Stalker x3  
  117  16:54  Immortal (Chrono Boost)  
  117  16:56  Nexus  
  117  17:27  Immortal  
Show
View Real Time Build Order
Export as new Build Order

Kush Zerg 

Build Orders: Hatch First 

Get SALT Encoding   

  12  0:02  Drone  
  13  0:16  Drone  
  14  0:37  Extractor  
  14  0:38  Extractor  
  14  0:40  Extractor  
  14  0:41  Extractor  
  10  0:45  Drone x2  
  10  0:46  Drone  
  10  0:48  Extractor  
  10  0:49  Extractor  
  11  0:56  Drone  
  16  1:25  Overlord  
  16  1:28  Hatchery  
  15  1:35  Spawning Pool  
  14  2:02  Hatchery  
  13  2:17  Overlord  
  13  2:22  Queen  
  15  2:40  Queen  
  17  2:55  Drone  
  17  2:57  Drone, Roach Warren  
  18  3:15  Queen  
  20  3:39  Drone x3  
  20  3:40  Drone x4  
  27  3:56  Drone x4  
  27  3:58  Extractor  
  30  4:21  Overlord x4  
  30  4:33  Drone x4  
  42  4:53  Roach x4  
  42  5:01  Roach x3  
  42  5:06  Drone x2  
  50  5:08  Drone  
  50  5:11  Drone  
  50  5:13  Drone  
  53  5:16  Drone  
  54  5:33  Overlord  
  54  5:35  Drone  
  54  5:36  Drone x6  
  54  5:37  Drone  
  62  5:46  Overlord  
  62  5:47  Overlord  
  62  5:55  Ravager  
  62  5:56  Ravager x4  
  67  7:05  Roach x15  
  97  7:11  Overlord x3  
  93  7:41  Ravager x2  
  93  7:42  Ravager  
  96  7:48  Extractor  
  96  7:49  Extractor  
  96  7:51  Extractor  
  93  7:52  Drone x9, Extractor  
  101  8:26  Lair  
  101  8:28  Drone x3  
  101  8:32  Drone x4  
  108  8:44  Roach x7  
  108  8:46  Overlord x4  
  107  9:43  Spire  
  106  9:45  Drone x3  
  106  9:46  Drone x4  
  106  9:47  Drone x2  
  115  10:10  Hatchery  
  115  10:12  Hatchery  
  113  10:20  Overlord x5  
  113  10:21  Overlord x7  
  113  10:22  Overlord x3  
  113  10:24  Roach x3  
  113  10:25  Roach x3  
  125  10:39  Ravager  
  125  10:40  Ravager x14  
  125  10:41  Ravager x4  
  144  10:58  Mutalisk  
  144  10:59  Mutalisk x6  
  84  11:40  Mutalisk x4  
  84  11:41  Mutalisk x3  
  98  11:48  Drone x4  
  98  11:49  Drone x13  
  115  11:54  Zerg Flyer Weapons Level 1, Infestation Pit  
  114  12:30  Mutalisk x3  
  114  12:31  Mutalisk x3  
  114  12:33  Extractor  
  114  12:35  Extractor  
  114  12:37  Extractor  
  123  12:39  Extractor  
  90  13:20  Drone x4  
  90  13:21  Drone  
  95  13:31  Hive  
  95  13:40  Zergling x12  
  95  13:41  Zergling x16  
  109  13:56  Zergling x2  
  109  13:57  Zergling x12  
  114  14:06  Queen x2  
  116  14:16  Zergling x2  
  116  14:17  Zergling x14  
  115  14:18  Zergling x6  
  119  14:38  Corruptor x6  
  119  14:39  Corruptor x7  
  119  14:40  Corruptor  
  147  15:28  Corruptor x6  
  147  15:29  Corruptor x6  
  171  16:01  Corruptor x6  
  171  16:02  Corruptor x5  
  193  16:10  Hatchery  
  165  16:20  Hatchery  
  165  16:23  Hatchery  
  148  16:41  Overseer  
  148  16:42  Overseer x3  
  148  16:46  Corruptor  
  148  16:47  Corruptor x6  
  148  16:48  Corruptor x5  
  167  17:19  Hatchery  
  166  17:43  Drone x4  
  166  17:44  Drone x2  
  172  18:14  Extractor  
  172  18:19  Hatchery  
Show
View Real Time Build Order
Export as new Build Order

Spore Protoss 

Build Orders: 1 Gate Expand, Oracle Opening 

Get SALT Encoding   

  12  0:01  Probe  
  13  0:13  Probe  
  14  0:20  Pylon  
  14  0:27  Probe  
  15  0:39  Probe  
  16  0:43  Gateway  
  16  0:46  Assimilator  
  16  0:51  Probe  
  17  1:03  Probe  
  18  1:15  Probe  
  19  1:28  Nexus  
  19  1:43  Cybernetics Core  
  19  1:48  Probe  
  20  2:03  Probe  
  21  2:11  Pylon  
  21  2:14  Assimilator  
  21  2:19  Probe  
  22  2:23  Stargate  
  22  2:28  Warp Gate  
  22  2:33  Probe  
  23  2:43  Probe  
  24  2:45  Probe  
  25  2:52  Stalker  
  25  2:55  Probe  
  25  2:57  Probe  
  28  3:07  Oracle (Chrono Boost)  
  28  3:08  Probe  
  28  3:10  Probe  
  33  3:20  Probe  
  33  3:22  Probe  
  33  3:24  Pylon  
  33  3:26  Stalker  
  37  3:32  Probe  
  37  3:34  Probe  
  39  3:44  Probe  
  39  3:46  Probe  
  41  3:56  Probe  
  41  3:58  Probe  
  41  4:00  Nexus  
  43  4:07  Pylon  
  43  4:08  Probe  
  44  4:10  Probe  
  45  4:44  Fleet Beacon  
  45  4:47  Probe  
  45  4:48  Probe, Stargate  
  45  4:49  Assimilator  
  45  4:51  Assimilator  
  47  4:56  Pylon  
  47  4:59  Probe  
  48  5:00  Pylon  
  48  5:02  Probe  
  48  5:06  Forge  
  49  5:12  Probe  
  50  5:18  Probe x2, Stargate  
  52  5:24  Probe  
  53  5:30  Pylon, Probe x2  
  61  5:35  Carrier (Chrono Boost)  
  61  5:36  Probe  
  63  5:42  Probe  
  63  5:43  Probe  
  63  5:48  Probe, Photon Cannon  
  65  5:54  Probe  
  65  5:55  Probe  
  67  5:58  Photon Cannon  
  67  6:00  Probe (Chrono Boost), Graviton Catapult (Chrono Boost)  
  67  6:02  Photon Cannon  
  68  6:07  Probe x2 (Chrono Boost)  
  70  6:14  Probe (Chrono Boost)  
  70  6:16  Carrier (Chrono Boost)  
  79  6:18  Probe (Chrono Boost)  
  79  6:19  Probe (Chrono Boost)  
  79  6:22  Probe (Chrono Boost)  
  79  6:23  Probe (Chrono Boost)  
  79  6:24  Probe (Chrono Boost)  
  82  6:28  Probe  
  82  6:29  Assimilator  
  83  6:33  Probe, Assimilator  
  83  6:35  Probe  
  85  6:40  Probe, Photon Cannon  
  85  6:43  Protoss Air Weapons Level 1 (Chrono Boost)  
  85  6:45  Probe  
  88  6:47  Probe  
  94  6:56  Carrier (Chrono Boost)  
  100  7:18  Carrier (Chrono Boost)  
  100  7:34  Photon Cannon  
  100  7:54  Pylon  
  100  7:57  Pylon  
  100  8:00  Photon Cannon  
  100  8:02  Pylon, Nexus  
  100  8:05  Pylon  
  100  8:06  Pylon  
  100  8:09  Pylon  
  100  8:10  Mothership (Chrono Boost)  
  108  8:14  Pylon  
  108  8:17  Carrier (Chrono Boost)  
  114  8:22  Carrier (Chrono Boost), Assimilator  
  114  8:26  Assimilator  
  120  8:27  Pylon, Carrier (Chrono Boost)  
  120  8:31  Pylon  
  126  8:36  Protoss Air Armor Level 1  
  126  8:41  Pylon  
  126  8:48  Photon Cannon  
  126  8:50  Photon Cannon  
  126  8:52  Photon Cannon  
  126  8:54  Photon Cannon  
  126  8:59  Photon Cannon  
  126  9:01  Photon Cannon  
  126  9:04  Photon Cannon  
  126  9:05  Photon Cannon  
  126  9:08  Photon Cannon  
  126  9:10  Photon Cannon  
  126  9:12  Shield Battery  
  126  9:16  Probe (Chrono Boost)  
  128  9:17  Probe (Chrono Boost)  
  128  9:18  Shield Battery  
  128  9:21  Shield Battery  
  129  9:26  Probe x2 (Chrono Boost)  
  129  9:31  Stargate  
  130  9:40  Carrier x2 (Chrono Boost)  
  148  9:49  Carrier (Chrono Boost), Cybernetics Core  
  148  10:17  Probe x2  
  148  10:18  Probe x2  
  152  10:29  Probe x2  
  152  10:30  Probe  
  155  10:42  Protoss Air Weapons Level 2  
  161  10:46  Carrier (Chrono Boost)  
  161  10:58  Nexus  
  161  11:02  Pylon, Probe x3  
  161  11:04  Pylon  
  164  11:07  Pylon  
  164  11:10  Carrier (Chrono Boost)  
  164  11:11  Pylon, Carrier (Chrono Boost)  
  182  11:16  Pylon  
  182  11:19  Pylon  
  182  11:20  Carrier (Chrono Boost)  
  182  11:33  Protoss Shields Level 1  
  182  11:36  Stargate  
  182  11:40  Stargate  
  182  11:52  Carrier  
  174  12:27  Mothership (Chrono Boost)  
  174  12:34  Protoss Air Armor Level 2  
  174  12:36  Carrier x2 (Chrono Boost)  
  194  12:38  Carrier (Chrono Boost)  
  194  13:37  Carrier (Chrono Boost)  
  200  14:11  Photon Cannon  
  200  14:12  Photon Cannon  
  200  14:14  Photon Cannon  
  200  14:15  Carrier x2 (Chrono Boost)  
  200  14:16  Photon Cannon  
  182  14:18  Photon Cannon  
  182  14:21  Photon Cannon  
  182  14:22  Carrier (Chrono Boost)  
  182  14:23  Photon Cannon  
  182  14:25  Photon Cannon  
  182  14:30  Photon Cannon  
  170  14:31  Carrier (Chrono Boost)  
  170  14:32  Photon Cannon  
  170  14:38  Carrier (Chrono Boost)  
  176  14:39  Protoss Air Weapons Level 3  
  176  14:50  Carrier (Chrono Boost)  
  182  15:33  Pylon  
  182  15:45  Nexus  
  182  15:48  Pylon  
  182  15:51  Pylon  
  182  15:54  Carrier x2  
  182  15:55  Carrier  
  200  16:25  Assimilator  
  200  16:28  Pylon  
  200  16:29  Photon Cannon, Assimilator  
  200  16:32  Pylon x2  
  200  16:33  Photon Cannon  
  200  16:37  Photon Cannon  
  200  16:38  Pylon  
  200  17:16  Twilight Council  
  200  17:26  Photon Cannon x2  
  200  17:28  Photon Cannon  
  200  17:39  Photon Cannon  
  200  17:42  Photon Cannon  
  200  17:45  Photon Cannon  
  200  17:49  Photon Cannon  
  200  17:51  Photon Cannon  
  200  17:53  Photon Cannon  
  200  17:54  Photon Cannon  
  200  17:55  Photon Cannon  
  194  18:14  Shield Battery  
  194  18:15  Shield Battery  
  194  18:17  Shield Battery  
  194  18:18  Shield Battery  
  194  18:19  Shield Battery  
  162  18:20  Shield Battery  
  162  18:23  Shield Battery x2  
Show
View Real Time Build Order
Export as new Build Order

Will Terran 

Build Orders: Mech 

Get SALT Encoding   

  12  0:01  SCV  
  13  0:13  SCV  
  14  0:29  Supply Depot, SCV  
  15  0:55  Barracks  
  15  1:00  SCV  
  15  1:02  Refinery  
  16  1:19  Command Center  
  16  1:22  SCV  
  17  1:32  Refinery  
  17  1:34  SCV  
  18  2:00  Marine  
  19  2:09  SCV  
  20  2:18  Marine  
  20  2:21  SCV  
  22  2:31  SCV  
  22  2:32  Refinery  
  22  2:33  SCV  
  22  2:36  Marine  
  25  2:43  SCV  
  26  2:45  SCV  
  27  2:54  Marine  
  27  2:55  SCV  
  27  2:58  SCV  
  30  3:07  SCV  
  31  3:16  Barracks Tech Lab  
  31  3:19  SCV x2  
  33  3:20  Factory  
  33  3:23  Engineering Bay  
  33  3:26  Supply Depot  
  33  3:31  SCV  
  33  3:33  Orbital Command  
  34  3:43  SCV  
  35  3:51  Combat Shields  
  35  3:52  Barracks  
  35  3:55  SCV, Marauder  
  37  4:00  Terran Infantry Weapons Level 1  
  38  4:08  SCV  
  38  4:09  SCV  
  40  4:18  Starport, Factory Tech Lab  
  40  4:20  SCV  
  40  4:21  SCV  
  42  4:25  Marine, Factory  
  41  4:33  SCV  
  42  4:41  Missile Turret  
  42  4:53  SCV  
  42  4:58  Missile Turret  
  43  5:05  SCV  
  44  5:08  Barracks Reactor  
  44  5:09  Factory  
  44  5:10  Concussive Shells, Factory Tech Lab  
  44  5:16  Armory  
  44  5:22  Starport Tech Lab  
  44  5:36  SCV  
  44  5:39  Command Center, Refinery  
  45  5:48  SCV  
  46  5:53  Missile Turret  
  46  6:09  Supply Depot  
  46  6:12  Factory Tech Lab  
  46  6:14  Sensor Tower  
  46  6:30  Medivac, Thor  
  54  6:37  Refinery  
  54  6:51  SCV  
  55  7:03  SCV  
  55  7:08  Thor  
  62  7:11  Siege Tank  
  62  7:13  Thor  
  62  7:15  SCV  
  65  7:25  Marine x3  
  68  7:48  Supply Depot  
  68  8:09  Marine  
  68  8:10  Supply Depot  
  69  8:21  Supply Depot  
  69  8:31  Thor  
  69  8:32  Marine, SCV  
  77  8:34  Marine x2, Thor  
  77  8:35  SCV, Thor  
  77  8:40  Cloaking Field  
  92  8:43  Supply Depot  
  92  8:44  SCV  
  92  8:47  SCV  
  94  8:49  Marine  
  94  8:52  Marine x2  
  97  8:56  SCV  
  97  8:57  Supply Depot  
  97  9:00  SCV  
  99  9:07  Marine  
  99  9:08  SCV  
  101  9:10  Marine  
  101  9:12  SCV  
  101  9:14  Thor  
  101  9:16  Factory  
  109  9:17  Terran Vehicle And Ship Armor Level 1  
  109  9:19  Thor  
  109  9:20  Supply Depot, SCV  
  109  9:24  SCV  
  117  9:25  Armory  
  117  9:42  SCV x2  
  117  9:44  Supply Depot  
  119  9:54  Orbital Command  
  119  10:03  Factory Tech Lab  
  119  10:06  Supply Depot  
  119  10:08  Supply Depot  
  119  10:10  Banshee  
  122  10:15  Thor  
  128  10:22  SCV, Refinery  
  129  10:29  Supply Depot  
  129  10:34  SCV  
  130  10:46  SCV  
  131  10:51  Supply Depot  
  131  10:53  Banshee  
  127  10:58  SCV  
  121  11:10  SCV  
  122  11:13  Terran Vehicle Weapons Level 1  
  122  11:14  Terran Vehicle And Ship Armor Level 2  
  119  11:36  Banshee  
  122  11:45  Supply Depot  
  122  11:47  Orbital Command  
  107  12:19  Banshee  
  107  12:21  Thor x4  
  134  12:26  Marine x3  
  137  12:43  Marine  
  137  12:44  Marine x2  
  98  13:01  Marine  
  98  13:02  Marine x2, Banshee  
  98  13:03  Thor  
  98  13:04  Thor x2  
  125  13:19  Marine  
  89  13:47  Thor  
  45  14:56  SCV  
  46  15:03  Barracks  
  46  15:08  SCV  
  47  15:22  Banshee  
  47  15:23  Armory  
  50  15:29  SCV  
  51  15:41  SCV  
  52  15:52  Factory  
  52  15:53  Barracks Tech Lab  
  52  15:54  SCV  
  52  15:56  Barracks  
  53  16:05  Banshee  
  56  16:27  Armory  
  56  16:31  Thor  
  62  16:35  Factory Tech Lab  
  62  16:39  Marine  
  63  16:44  Barracks Reactor  
  63  16:45  Factory  
  63  16:48  Banshee  
  66  16:57  Marine  
  66  17:00  Thor  
  73  17:14  Thor  
  73  17:15  Marine  
  80  17:25  Marine x2  
  82  17:31  Barracks, Widow Mine, Banshee  
  82  17:33  Marine  
  82  17:34  Factory  
  94  17:52  Widow Mine  
Show
View Real Time Build Order
Export as new Build Order

MJMS Protoss 

Build Orders:  

Get SALT Encoding   

  12  0:01  Probe  
  13  0:13  Probe  
  14  0:21  Pylon  
  14  0:25  Probe  
  15  0:39  Probe (Chrono Boost), Gateway  
  16  0:46  Assimilator  
  17  0:50  Probe (Chrono Boost)  
  17  1:01  Forge  
  17  1:03  Probe (Chrono Boost)  
  18  1:11  Assimilator  
  18  1:18  Probe (Chrono Boost)  
  19  1:27  Zealot  
  21  1:45  Probe  
  22  2:01  Cybernetics Core  
  22  2:02  Probe (Chrono Boost)  
  23  2:21  Nexus  
  23  2:27  Pylon  
  23  2:37  Pylon  
  23  2:43  Warp Gate  
  23  2:45  Probe, Stalker  
  26  2:52  Photon Cannon  
  26  2:57  Probe  
  27  3:09  Probe (Chrono Boost), Stargate  
  28  3:19  Stalker  
  31  3:20  Probe (Chrono Boost)  
  31  3:25  Probe (Chrono Boost)  
  32  3:33  Probe (Chrono Boost)  
  33  3:39  Pylon  
  34  3:42  Probe (Chrono Boost)  
  34  3:43  Probe (Chrono Boost)  
  34  3:47  Protoss Shields Level 1  
  34  3:48  Probe (Chrono Boost)  
  35  3:50  Probe  
  37  3:58  Assimilator  
  37  4:01  Probe (Chrono Boost)  
  37  4:02  Probe (Chrono Boost)  
  39  4:05  Stalker  
  41  4:14  Probe (Chrono Boost)  
  41  4:15  Pylon  
  42  4:17  Assimilator  
  42  4:20  Probe (Chrono Boost)  
  42  4:21  Probe (Chrono Boost)  
  44  4:30  Probe (Chrono Boost)  
  45  4:31  Void Ray  
  45  4:35  Probe (Chrono Boost)  
  50  4:43  Probe (Chrono Boost)  
  51  4:51  Probe (Chrono Boost)  
  52  4:53  Photon Cannon  
  52  4:56  Photon Cannon  
  52  4:57  Probe x2  
  52  4:59  Stalker  
  56  5:09  Stargate  
  56  5:12  Stargate  
  56  5:19  Void Ray  
  56  5:20  Protoss Air Weapons Level 1  
  56  5:21  Probe (Chrono Boost)  
  62  5:30  Probe (Chrono Boost)  
  62  5:40  Stalker  
  64  5:50  Gateway  
  64  5:56  Pylon x2  
  64  5:59  Void Ray  
  68  6:07  Probe (Chrono Boost)  
  69  6:13  Void Ray  
  69  6:17  Probe (Chrono Boost)  
  74  6:20  Nexus  
  74  6:22  Probe (Chrono Boost)  
  75  6:27  Void Ray  
  75  6:31  Pylon  
  79  6:38  Probe (Chrono Boost)  
  81  6:42  Probe (Chrono Boost)  
  81  6:44  Void Ray  
  85  6:48  Probe (Chrono Boost)  
  85  6:50  Protoss Ground Armor Level 1  
  86  7:07  Sentry x2  
  90  7:12  Probe  
  91  7:16  Protoss Air Armor Level 1 (Chrono Boost)  
  91  7:24  Probe  
  83  7:39  Probe (Chrono Boost)  
  83  7:40  Probe (Chrono Boost)  
  84  7:45  Assimilator  
  84  7:47  Assimilator  
  84  7:49  Pylon, Probe (Chrono Boost)  
  84  7:50  Pylon  
  85  7:54  Pylon x2  
  85  7:56  Probe (Chrono Boost)  
  86  7:59  Probe (Chrono Boost)  
  86  8:02  Void Ray x2  
  86  8:03  Void Ray  
  99  8:09  Probe (Chrono Boost)  
  100  8:14  Probe (Chrono Boost)  
  100  8:18  Gateway x2  
  101  8:22  Gateway  
  101  8:25  Pylon  
  101  8:37  Probe (Chrono Boost)  
  103  8:41  Probe (Chrono Boost)  
  103  8:48  Probe (Chrono Boost), Void Ray x3  
  116  8:50  Probe (Chrono Boost)  
  116  8:53  Pylon  
  116  8:54  Probe (Chrono Boost)  
  116  8:55  Pylon  
  118  9:04  Probe  
  118  9:08  Stargate  
  119  9:18  Fleet Beacon  
  119  9:32  Stalker x2  
  119  9:34  Void Ray x2  
  131  9:41  Void Ray  
  131  9:43  Pylon  
  131  9:44  Pylon  
  135  9:50  Protoss Ground Weapons Level 1  
  135  9:54  Pylon, Void Ray  
  135  9:59  Stalker  
  141  10:00  Stalker, Zealot  
  141  10:01  Zealot x2  
  141  10:05  Pylon  
  149  10:11  Gateway  
  149  10:15  Pylon  
  149  10:16  Void Ray  
  153  10:31  Photon Cannon x2  
  153  10:33  Mothership (Chrono Boost)  
  160  11:15  Void Ray x3  
  160  11:16  Void Ray  
  110  12:03  Protoss Air Weapons Level 2 (Chrono Boost), Void Ray  
  110  12:04  Void Ray x2  
  110  12:05  Void Ray  
  122  12:15  Stalker x2  
  124  12:16  Stalker x3  
  124  12:19  Stalker  
  134  12:31  Twilight Council  
  132  12:55  Nexus  
  128  13:14  Void Ray x3  
  128  13:17  Void Ray, Protoss Ground Weapons Level 2 (Chrono Boost)  
  128  13:19  Stalker x2  
  148  13:23  Stalker  
  148  13:24  Stalker x2  
  148  13:25  Stalker  
  156  13:46  Stalker x2  
  160  13:57  Void Ray x2  
  152  14:37  Void Ray  
  156  14:41  Probe (Chrono Boost)  
  157  14:49  Protoss Air Weapons Level 3 (Chrono Boost)  
  157  14:51  Probe (Chrono Boost)  
  157  14:52  Stalker x3  
  164  14:53  Stalker x2, Void Ray x3  
  164  14:56  Probe (Chrono Boost)  
  181  15:04  Stalker  
  184  15:17  Mothership (Chrono Boost)  
  184  15:19  Void Ray  
  196  15:22  Probe (Chrono Boost)  
  197  15:29  Protoss Ground Armor Level 2 (Chrono Boost), Assimilator  
  197  15:30  Probe (Chrono Boost)  
  197  15:31  Pylon x2  
  197  15:35  Probe (Chrono Boost)  
  197  15:36  Assimilator  
  198  16:47  Pylon, Photon Cannon x3  
  198  16:48  Pylon  
  198  16:49  Pylon  
  81  18:28  Stalker x2  
  81  18:29  Stalker x4  
Show
View Real Time Build Order
Export as new Build Order

CajunHobbit Terran 

Build Orders:  

Get SALT Encoding   

  12  0:01  SCV  
  13  0:13  SCV  
  14  0:25  SCV  
  14  0:27  Supply Depot  
  15  0:48  SCV  
  16  0:58  Refinery  
  16  1:00  SCV, Refinery  
  16  1:03  Barracks  
  17  1:11  Supply Depot  
  17  1:13  SCV  
  18  1:24  Engineering Bay  
  18  1:50  Marine  
  19  2:07  Marine  
  20  2:16  Planetary Fortress  
  20  2:25  Marine  
  21  2:43  Marine  
  22  3:04  Marine  
  23  3:11  Factory  
  23  3:17  Factory, SCV  
  24  3:24  Missile Turret  
  24  3:27  Missile Turret  
  24  3:29  SCV  
  25  3:41  SCV  
  26  3:44  Missile Turret  
  26  3:48  Missile Turret, Hi-Sec Auto Tracking  
  26  3:53  SCV  
  27  3:58  Factory Tech Lab  
  27  4:03  Factory Reactor  
  27  4:05  SCV  
  27  4:07  Missile Turret  
  28  4:17  SCV  
  28  4:18  Missile Turret  
  29  4:25  Missile Turret  
  29  4:45  Building Armor  
  29  5:02  Command Center  
  29  5:13  Missile Turret  
  29  5:17  Missile Turret  
  29  5:36  Missile Turret  
  29  5:40  Missile Turret  
  29  5:47  Supply Depot  
  29  5:55  Supply Depot  
  29  5:59  Missile Turret  
  29  6:05  SCV  
  29  6:08  Siege Tank  
  33  6:13  Widow Mine  
  33  6:17  SCV  
  36  6:19  Widow Mine  
  38  6:36  Missile Turret  
  38  6:37  Missile Turret  
  38  6:53  Widow Mine x2  
  37  6:56  Missile Turret  
  30  7:02  Siege Tank  
  32  7:49  Supply Depot  
  32  7:52  Barracks, Siege Tank  
  35  7:59  Widow Mine x2  
  35  8:05  Planetary Fortress  
  39  8:10  SCV  
  40  8:20  Widow Mine x2  
  40  8:22  SCV  
  48  8:34  SCV  
  49  8:41  Widow Mine x2  
  49  8:43  Widow Mine  
  49  8:46  SCV  
  53  8:58  SCV  
  56  9:03  Widow Mine x2  
  56  9:05  Widow Mine  
  60  9:22  SCV  
  61  9:26  Refinery  
  61  9:28  Refinery  
  61  9:34  SCV  
  62  9:56  Supply Depot  
  62  9:57  Supply Depot  
  62  10:00  Supply Depot  
  62  10:01  Supply Depot  
  62  10:18  Missile Turret, SCV, Widow Mine x3  
  69  10:30  SCV  
  69  10:33  Starport  
  69  10:35  Starport  
  70  10:42  Starport, Siege Tank, SCV  
  72  10:45  Starport  
  60  11:32  Marine  
  61  11:46  Starport Reactor x2  
  61  11:49  Marine, Starport Tech Lab  
  61  11:50  Starport Tech Lab  
  62  12:04  Armory  
  62  12:07  Marine  
  63  12:11  Armory  
  63  12:24  SCV  
  63  12:25  Marine  
  63  12:26  SCV  
  63  12:29  Cloaking Field  
  66  12:33  Hyperflight Rotors  
  66  12:35  Banshee x2  
  66  12:37  SCV  
  73  12:38  Viking x2  
  73  12:39  SCV  
  73  12:40  Viking x2  
  73  12:43  Marine  
  83  12:58  Supply Depot  
  67  13:08  Viking  
  61  13:17  Banshee  
  61  13:18  Banshee  
  60  13:21  Supply Depot  
  48  13:38  Viking x4  
  46  13:46  Supply Depot  
  33  15:04  Viking x3  
  33  15:05  Viking  
  41  15:16  Missile Turret  
  28  15:30  Terran Ship Weapons Level 1  
  27  15:56  SCV  
  28  16:08  SCV  
  17  17:10  SCV  
  18  17:17  Engineering Bay  
  18  17:22  SCV  
  19  17:34  SCV  
  20  17:46  SCV  
  21  17:58  SCV  
  22  18:15  Command Center  
Show
View Real Time Build Order
Export as new Build Order

Infamous Protoss 

Build Orders: 1 Gate Expand, Zealot Archon 

Get SALT Encoding   

  12  0:01  Probe  
  14  0:14  Probe  
  14  0:18  Pylon  
  14  0:28  Probe  
  15  0:38  Gateway  
  15  0:41  Probe (Chrono Boost)  
  16  0:53  Probe (Chrono Boost)  
  16  0:54  Assimilator  
  17  1:01  Probe (Chrono Boost)  
  18  1:11  Probe  
  19  1:27  Nexus  
  19  1:31  Probe  
  20  1:44  Cybernetics Core  
  20  1:54  Probe  
  21  2:04  Assimilator  
  21  2:06  Probe  
  21  2:07  Pylon  
  21  2:20  Warp Gate  
  21  2:22  Probe  
  22  2:43  Probe (Chrono Boost), Pylon  
  24  2:45  Probe (Chrono Boost)  
  24  2:54  Probe (Chrono Boost)  
  24  2:57  Probe (Chrono Boost)  
  26  3:00  Twilight Council  
  26  3:08  Probe (Chrono Boost), Gateway  
  26  3:09  Probe (Chrono Boost), Gateway  
  28  3:23  Probe (Chrono Boost), Assimilator  
  28  3:24  Probe (Chrono Boost)  
  30  3:31  Probe (Chrono Boost)  
  30  3:32  Probe (Chrono Boost)  
  32  3:36  Gateway  
  32  3:39  Charge (Chrono Boost)  
  32  3:40  Probe (Chrono Boost)  
  33  3:41  Probe (Chrono Boost)  
  34  3:53  Probe (Chrono Boost)  
  36  3:58  Probe (Chrono Boost)  
  36  4:01  Probe (Chrono Boost)  
  37  4:04  Probe (Chrono Boost)  
  37  4:09  Templar Archives  
  38  4:17  Pylon  
  38  4:20  Pylon  
  38  4:22  Pylon  
  38  4:27  Pylon  
  38  4:29  Gateway  
  38  4:31  Gateway, Stalker  
  40  4:44  Probe (Chrono Boost)  
  40  4:45  Probe (Chrono Boost)  
  42  4:56  Psionic Storm  
  42  4:57  Probe (Chrono Boost)  
  44  5:00  High Templar x2  
  44  5:03  Probe (Chrono Boost)  
  44  5:05  Probe (Chrono Boost)  
  49  5:07  Assimilator  
  49  5:10  Probe (Chrono Boost)  
  50  5:15  Forge  
  50  5:16  Pylon  
  50  5:19  Shield Battery  
  50  5:23  Probe (Chrono Boost)  
  50  5:24  Probe (Chrono Boost)  
  52  5:34  Gateway  
  52  5:35  Probe (Chrono Boost)  
  53  5:37  Gateway, High Templar x2  
  53  5:39  Zealot  
  53  5:40  Zealot  
  53  5:41  Probe (Chrono Boost)  
  62  5:43  Zealot  
  62  5:44  Probe (Chrono Boost)  
  62  5:45  Sentry  
  67  5:53  Archon x2  
  67  6:08  Protoss Ground Weapons Level 1 (Chrono Boost), High Templar  
  67  6:09  Forge, Zealot  
  67  6:10  Zealot  
  73  6:11  Sentry  
  73  6:13  Photon Cannon  
  73  6:14  Shield Battery  
  75  6:20  Probe x2  
  77  6:29  Stalker  
  77  6:30  Stalker x2  
  77  6:32  Probe  
  84  6:35  Stalker x2  
  84  6:37  Zealot  
  90  6:41  Stalker  
  92  6:57  Protoss Ground Armor Level 1 (Chrono Boost)  
  92  7:22  High Templar  
  94  7:25  Zealot  
  92  7:41  Archon  
  92  7:49  Pylon  
  92  7:52  Pylon  
  92  7:54  Protoss Ground Weapons Level 2 (Chrono Boost)  
  92  7:55  Pylon, Zealot  
  94  8:00  Pylon  
  94  8:02  Pylon  
  94  8:13  Stalker x3  
  94  8:14  Stalker x4  
  108  8:29  Photon Cannon  
  108  8:31  Photon Cannon  
  108  8:34  Photon Cannon  
  108  8:37  Photon Cannon  
  108  8:39  High Templar x2  
  108  8:40  High Templar  
  114  8:41  Zealot  
  114  8:43  Zealot x4  
  114  8:45  Photon Cannon  
  124  8:50  Photon Cannon  
  124  8:53  Photon Cannon  
  124  8:56  Probe, Photon Cannon, Blink (Chrono Boost)  
  124  8:57  Probe  
  124  9:00  Photon Cannon  
  126  9:13  Protoss Ground Armor Level 2 (Chrono Boost)  
  126  9:15  Stalker x4  
  126  9:16  Gateway  
  134  9:46  Pylon  
  134  9:49  Pylon  
  134  9:52  Pylon  
  134  9:53  Protoss Shields Level 1 (Chrono Boost)  
  134  9:59  Pylon  
  134  10:03  Pylon  
  134  10:04  Probe x2  
  134  10:05  High Templar x2  
  140  10:08  Zealot x5  
  150  10:24  Archon x2  
  150  10:30  Stalker x2  
  150  10:31  Stalker x4  
  162  11:07  Protoss Ground Weapons Level 3 (Chrono Boost)  
  116  11:34  High Templar x3  
  116  11:37  Zealot  
  116  11:38  Zealot x4  
  126  11:50  Protoss Ground Armor Level 3 (Chrono Boost)  
  126  12:05  Archon  
  60  12:26  Stalker x2  
  60  12:27  Stalker x5  
  60  12:28  Stalker  
  72  12:44  Probe x2  
  74  12:56  Probe  
  59  13:31  Stalker x3  
  59  13:32  Stalker x4  
  59  13:33  Stalker  
  65  13:59  Stalker x2  
  65  14:00  Stalker x3  
  65  14:01  Stalker  
  71  14:03  Stalker  
  71  14:05  Stalker  
  71  14:06  Stalker  
  67  14:46  Stalker x2  
  67  14:47  Stalker x3  
  67  14:48  Stalker x2  
  73  15:19  Zealot x2  
  73  15:20  Zealot x2  
  81  15:22  Zealot  
  79  15:38  Sentry x3  
  79  15:39  Sentry  
  83  16:17  High Templar  
  83  16:18  High Templar x4  
  93  16:20  Stalker  
  93  17:33  Archon x2  
Tags
 
Add a new tag
Caveats
  • Supply blocks, unpowered buildings, or Contaminate may cause inaccurate times.
  • Supply counts are checked every 10 seconds.